 Dungeon Crawl Stone Soup version 0.29-a0-322-g68df515428 (webtiles) character file.

Game seed: 11803370230746792640

28 Hubjo the Skirmisher (level 2, 0/24 HPs)
             Began as a Demonspawn Monk on Apr 5, 2022.
             Was a Priest of Lugonu.
             Slain by a kobold
             ... wielding a +0 whip
              (2 damage)
             ... on level 1 of the Dungeon.
             The game lasted 00:01:19 (1405 turns).

Hubjo the Skirmisher (Demonspawn Monk)              Turns: 1405, Time: 00:01:20

Health: 0/24       AC:  2    Str: 11    XL:     2   Next: 96%
Magic:  3/3        EV: 12    Int: 11    God:    Lugonu [***...]
Gold:   24         SH:  0    Dex: 15    Spells: 2/2 levels left

rFire   . . .      SeeInvis .   a - +0 short sword
rCold   . . .      Faith    .   (no shield)
rNeg    . . .      Spirit   .   b - +0 robe
rPois   .          Reflect  .   (no helmet)
rElec   .          Harm     .   (no cloak)
rCorr   .          Rampage  .   (no gloves)
Will    .....                   (no boots)
Stlth   ++........              (no amulet)
HPRegen 0.08/turn               (no ring)
MPRegen 0.08/turn               (no ring)

@: no status effects
A: foul stench 1
a: Renounce Religion, Depart the Abyss, Bend Space, Banish


You were on level 1 of the Dungeon.
You worshipped Lugonu.
Lugonu was most pleased with you.
You visited 1 branch of the dungeon, and saw 1 of its levels.

You collected 24 gold pieces.

Inventory:

Hand Weapons
 a - a +0 short sword (weapon)
Armour
 b - a +0 robe (worn)
Magical Staves
 h - a staff of earth
Scrolls
 d - a scroll of enchant armour {unknown}
 e - a scroll of magic mapping {unknown}
 g - a scroll of summoning {unknown}
Potions
 f - a potion of resistance {unknown}


   Skills:
 * Level 3.5 Fighting
 - Level 2.6 Short Blades
 - Level 2.6 Dodging
 * Level 2.5 Stealth
 + Level 0.8 Spellcasting


You had 2 spell levels left.
You didn't know any spells.
Your spell library was empty.

Dungeon Overview and Level Annotations

Branches:
Dungeon (1/15)

Altars:
Beogh
Lugonu


Innate Abilities, Weirdness & Mutations

You may rarely emit foul miasma when damaged in melee.


Message History

The kobold hits you with a +3 dagger.
* * * LOW HITPOINT WARNING * * *
The kobold hits the bush but does no damage.
You are confused.
You feel invigorated.
The frilled lizard hisses.
The kobold hits you with a +3 dagger.
* * * LOW HITPOINT WARNING * * *
The kobold hits the bush but does no damage.
You closely miss the kobold.
The kobold is moderately wounded.
The kobold hits you with a +3 dagger.
* * * LOW HITPOINT WARNING * * *
The kobold hits the bush but does no damage.
You barely miss the kobold.
The kobold is moderately wounded.
You feel less invigorated.
You feel less confused. The kobold hits you with a +3 dagger.
* * * LOW HITPOINT WARNING * * *
A rat comes into view.
The kobold hits the bush but does no damage.
You closely miss the kobold.
The kobold is moderately wounded.
You hit the kobold.
You kill the kobold!
Lugonu accepts your kill.
The kobold throws a stone.
The stone barely misses you.
The frilled lizard completely misses you.
The kobold hits you with a +0 whip.
* * * LOW HITPOINT WARNING * * *
Items here: ( ))) †.
You closely miss the kobold. The frilled lizard closely misses you.
The kobold hits you with a +0 whip.
* * * LOW HITPOINT WARNING * * *
You closely miss the kobold. The frilled lizard barely misses you.
The kobold barely misses you.
You closely miss the kobold. The frilled lizard barely misses you.
The kobold hits you with a +0 whip.
You die...

#.##....#
PPP.§.#P#####.##....#
#P§.§(.P♣#...........
♣......≈♣#.##########
##.§.§...P#.#
#P.......♣#.#
♣P.....P##.#
♣PPlKr#P♣#.#


♣PPP@PP♣ #.# ####.#####.# #.......# ######### You could see a kobold, a frilled
lizard and a rat.

Vanquished Creatures
  3 ball pythons (D:1)
  4 endoplasms (D:1)
  3 giant cockroaches (D:1)
  3 goblins (D:1)
  2 jackals (D:1)
  A quokka (D:1)
  2 bats (D:1)
  6 kobolds (D:1)
  3 rats (D:1)
27 creatures vanquished.

Vanquished Creatures (others)
  3 plants (D:1)
3 creatures vanquished.

Grand Total: 30 creatures vanquished

Notes
Turn   | Place    | Note
-------+----------+-------------------------------------------
     0 | D:1      | Hubjo the Demonspawn Monk began the quest for the Orb.
     0 | D:1      | Reached XP level 1. HP: 18/18 MP: 1/1
   330 | D:1      | Gained mutation: You may rarely emit foul miasma when
                  | damaged in melee. [demonic ancestry]
   330 | D:1      | Reached XP level 2. HP: 20/24 MP: 2/2
   904 | D:1      | Found a faded altar of an unknown god.
   926 | D:1      | Prayed at the altar of an unknown god.
   926 | D:1      | Became a worshipper of Lugonu the Unformed
   926 | D:1      | Reached * piety under Lugonu
   926 | D:1      | Reached ** piety under Lugonu
   926 | D:1      | Reached *** piety under Lugonu
  1405 | D:1      | Slain by a kobold

Illustrated notes

Levels and vault maps discovered:
D:1:      minmay_arrival_three_doors, layout_basic,
          hellmonk_ecumenical_altar_defaced_shrine, lexackson_kobold_supper

Skill      XL: |  1 |
---------------+----+-----
Stealth        | 2 |  2.5
Fighting       | |  3.5
Short Blades   | |  2.6
Dodging        | |  2.6
Spellcasting   | |  0.8

Action                   || total
-------------------------++-------
Melee: Short sword       ||    93
       Punch             ||     1
  Use: Potion            ||     1
 Stab: Sleeping          ||     1
Armor: Robe              ||    14
Dodge: Dodged            ||    54

Table legend: (Time is in decaauts)
 A = Elapsed time spent in this place.
 B = Non-inter-level travel time spent in this place.
 C = Inter-level travel time spent in this place.
 D = Time resting spent in this place.
 E = Time spent auto-exploring this place.
 F = Levels seen in this place.
 G = Mean time per level.
                   A        B        C        D        E       F      G
               +--------+--------+--------+--------+--------+-----+--------+
         Total |   1401 |   1401 |      0 |      0 |   1202 |   1 | 1401.0 |
       Dungeon |   1401 |   1401 |      0 |      0 |   1202 |   1 | 1401.0 |
               +--------+--------+--------+--------+--------+-----+--------+

Top non-repeatable levels by time:
     D:1: 1401 daAuts
